 Dungeon Crawl Stone Soup version 0.17-a0-1989-gfb2cd5c (webtiles) character file.

3962 Ordine the Fighter (level 10, 0/77 HPs)
             Began as an Octopode Fighter on Oct 7, 2015.
             Was a Believer of Dithmenos.
             Slain by a troll (7 damage)
             ... on level 9 of the Dungeon.
             The game lasted 00:40:04 (8950 turns).

Ordine the Fighter (Octopode Fighter)               Turns: 8950, Time: 00:40:04

Health: 0/77       AC:  1    Str: 18    XL:     10   Next: 22%
Magic:  0/10       EV: 14    Int: 11    God:    Dithmenos [**....]
Gold:   164        SH:  9    Dex: 22    Spells: 0 memorised, 9 levels left

rFire  . . .     SeeInvis +     M - +1 falchion (freeze)
rCold  . . .     Clarity  .     b - +0 shield
rNeg   . . .     SustAt   .     (helmet restricted)
rPois  .         Gourm    .     A - amulet of guardian spirit
rElec  .         Spirit   +     u - +6 ring of dexterity
rCorr  .         Warding  .     e - ring of wizardry
rMut   .         Stasis   .     z - +3 ring of evasion
MR     .....                    H - ring of see invisible
Stlth  ++++......               O - +2 ring of strength
                                (no ring)
                                (no ring)
                                (no ring)

@: wreathed by umbra, drained, not resistant to hostile enchantments, stealthy
A: almost no armour, amphibious, 8 rings, constrict 8, camouflage 1, agile 1,
blink, gelatinous body 1
a: Blink, Shadow Step, Renounce Religion


You were on level 9 of the Dungeon.
You worshipped Dithmenos.
Dithmenos was pleased with you.
You were not hungry.

You visited 2 branches of the dungeon, and saw 10 of its levels.

You collected 524 gold pieces.
You spent 360 gold pieces at shops.

Inventory:

Hand Weapons
 M - a +1 falchion of freezing (weapon)
 R - the +11 mace of Darkness {elec, *Drain MP+9 Dex+2}
   (You found it on level 8 of the Dungeon)

   Occasionally, upon striking a foe, it will discharge some electrical energy
   and cause terrible harm.
   It affects your dexterity (+2).
   It affects your magic capacity (+9).
   It causes draining when unequipped.
Missiles
 m - 248 stones
 r - 20 poisoned needles
 v - 8 tomahawks (quivered)
 B - a throwing net
Armour
 b - a +0 shield (worn)
Magical Staves
 Q - an uncursed staff of death
Jewellery
 e - a ring of wizardry (right tentacle)
 h - an uncursed amulet of stasis
 u - a +6 ring of dexterity (left tentacle)
 z - a +3 ring of evasion (on tentacle)
 A - an amulet of guardian spirit (around mantle)
 H - a ring of see invisible (on tentacle)
 O - a +2 ring of strength (on tentacle)
Wands
 y - a wand of digging (24)
 C - a wand of digging (5)
 T - a wand of draining (10)
Scrolls
 i - a scroll of remove curse
 l - a scroll of enchant weapon
 t - 2 scrolls of teleportation
 w - 2 scrolls of fog
 E - a scroll of magic mapping
Potions
 c - a potion of cancellation
 j - 3 potions of curing
 n - 2 potions of agility
 o - a potion of flight {unknown}
 q - a potion of poison {unknown}
 s - a potion of magic {unknown}
 x - 2 potions of ambrosia
 F - 2 potions of might
 I - a potion of haste {unknown}
 J - a potion of resistance {unknown}
 K - a potion of berserk rage {unknown}
 L - a potion of invisibility
 N - a potion of lignification {unknown}
Books
 a - a book of the Sky

   Spells                             Type                      Level
   a - Summon Lightning Spire         Summoning/Air                4
   b - Airstrike                      Air                          4
   c - Silence                        Hexes/Air                    5
   d - Deflect Missiles               Charms/Air                   6
   e - Conjure Ball Lightning         Conjuration/Air              6
   f - Tornado                        Air                          9
 p - a Fen Folio

   Spells                             Type                      Level
   a - Corpse Rot                     Necromancy                   2
   b - Stone Arrow                    Conjuration/Earth            3
   c - Leda's Liquefaction            Hexes/Earth                  4
   d - Summon Forest                  Summoning/Translocation      5
   e - Hydra Form                     Transmutation                6
   f - Summon Hydra                   Summoning                    7
 G - a Young Poisoner's Handbook

   Spells                             Type                      Level
   a - Sting                          Conjuration/Poison           1
   b - Cure Poison                    Poison                       2
   c - Mephitic Cloud                 Conjuration/Poison/Air       3
   d - Olgreb's Toxic Radiance        Poison                       4
   e - Venom Bolt                     Conjuration/Poison           5
Comestibles
 d - 10 bread rations
 f - 7 beef jerkies
 g - a fruit
 k - 8 meat rations
 D - a royal jelly
 P - a chunk of flesh
 S - a slice of pizza


   Skills:
 + Level 10.6(9.8) Fighting
 + Level 10.3(9.4) Long Blades
 - Level 3.0(2.2) Dodging
 - Level 3.0(2.2) Shields


You had 9 spell levels left.
You didn't know any spells.

Dungeon Overview and Level Annotations

Branches:
Dungeon (9/15)             Temple (1/1) D:4
   Lair: D:8-11         Orc: D:9-12

Altars:
Ashenzari
Cheibriados
Dithmenos
Elyvilon
Fedhas
Gozag
Kikubaaqudgha
Makhleb
Nemelex Xobeh
Okawaru
Qazlal
Ru
Trog
Vehumet
Xom
Yredelemnul
Zin
The Shining One

Shops:
D:6 =   D:7 *   D:8 (   D:9 %


Innate Abilities, Weirdness & Mutations

You cannot wear most types of armour.
You are amphibious.
You can wear up to eight rings at the same time.
You can use your tentacles to constrict eight enemies at once.
Your skin changes colour to match your surroundings (Stealth).
Your rubbery body absorbs attacks (AC +1).
You are agile. (Dex +2)
You can translocate small distances at will.


Message History

The troll is moderately wounded.
The troll closely misses you. You block the troll's attack.
You block the troll's attack.
You slash the troll! You freeze the troll. Your squeeze misses the troll.
The troll is heavily wounded.
You barely miss the troll.
The troll is heavily wounded.
The troll bites you. The troll claws you! The troll barely misses you.
You hit the troll but do no damage. You squeeze the troll!
The troll is almost dead.
The troll bites you!
* * * LOW HITPOINT WARNING * * *
The troll claws you!
* * * LOW HITPOINT WARNING * * *
You block the troll's attack.
Drink which item? (? for menu, Esc to quit)
You feel better. You block the troll's attack. The troll claws you!
* * * LOW HITPOINT WARNING * * *
The troll claws you!
You die...

###.# ##.#.
#.... ...
.o. #5# #T#
#@# ##'##
##...##
##.....##
##.......##
#.........#
+.........+
#.........#
##.......##


You could see a troll, a quasit and an orc.

Vanquished Creatures
  Grinder (D:4)
  Prince Ribbit (D:7)
  Sigmund (D:3)
  A hungry ghost (D:8)
  A water moccasin (D:7)
  3 phantoms
  An orc warrior (D:6)
  3 ice beasts
  2 sky beasts
  3 ogres
  A centaur (D:5)
  A necrophage (D:8)
  A giant frog (D:7)
  3 scorpions
  A wyvern skeleton (D:6)
  10 wights
  2 crimson imps
  A giant frog skeleton (D:6)
  4 hounds
  7 orc wizards
  Crazy Yiuf (D:3)
  2 orc priests
  4 jellies
  A gnoll shaman (D:7)
  Jessica (D:3)
  An iguana (D:3)
  5 worker ants
  A hound skeleton (D:7)
  2 worker ant zombies
  Robin (D:3)
  8 adders
  13 gnolls
  3 shadow imps
  An ooze (D:4)
  2 adder skeletons (D:6)
  3 worms
  9 giant geckos
  33 orcs
  6 bats
  13 hobgoblins
  10 kobolds
  3 giant cockroaches
  A giant cockroach zombie (D:6)
  A giant gecko skeleton (D:5)
  5 giant newts
  17 goblins
  10 jackals
  6 quokkas
  A quokka zombie (D:7)
  7 rats
219 creatures vanquished.

Notes
Turn   | Place    | Note
--------------------------------------------------------------
     0 | D:1      | Ordine the Octopode Fighter began the quest for the Orb.
     0 | D:1      | Reached XP level 1. HP: 16/16 MP: 1/1
   196 | D:1      | Reached XP level 2. HP: 9/21 MP: 2/2
  1045 | D:1      | Reached XP level 3. HP: 26/26 MP: 3/3
  1824 | D:2      | Found a burning altar of Makhleb.
  1829 | D:2      | Reached skill level 4 in Fighting
  1829 | D:2      | Reached XP level 4. HP: 19/33 MP: 4/4
  2040 | D:2      | Found a sparkling altar of Nemelex Xobeh.
  2410 | D:3      | Noticed Jessica
  2415 | D:3      | Killed Jessica
  2415 | D:3      | Reached XP level 5. HP: 36/38 MP: 5/5
  2907 | D:3      | Found a shattered altar of Ashenzari.
  3093 | D:3      | Noticed Robin
  3108 | D:3      | Killed Robin
  3113 | D:3      | Reached skill level 5 in Fighting
  3140 | D:3      | Noticed Sigmund
  3180 | D:3      | Killed Sigmund
  3180 | D:3      | Reached skill level 5 in Long Blades
  3180 | D:3      | Reached XP level 6. HP: 14/45 MP: 4/6
  3556 | D:3      | Reached XP level 7. HP: 38/51 MP: 7/7
  3637 | D:3      | Noticed Crazy Yiuf
  3642 | D:3      | Killed Crazy Yiuf
  3754 | D:4      | Found a staircase to the Ecumenical Temple.
  3769 | Temple   | Entered the Ecumenical Temple
  3985 | Temple   | Became a worshipper of Dithmenos the Shadowed
  4264 | D:4      | Reached skill level 6 in Fighting
  4324 | D:4      | Found a glowing golden altar of the Shining One.
  4642 | D:4      | Noticed Grinder
  4656 | D:4      | Killed Grinder
  4789 | D:4      | Reached XP level 8. HP: 53/58 MP: 6/8
  4909 | D:4      | Reached skill level 7 in Fighting
  4920 | D:5      | Entered Level 5 of the Dungeon
  5625 | D:5      | Found a bloodstained altar of Trog.
  5724 | D:5      | Gained mutation: Your magical capacity is low (-10% MP). [potion of mutation]
  5724 | D:5      | Gained mutation: You can translocate small distances at will. [potion of mutation]
  5724 | D:5      | Gained mutation: Your body sometimes deteriorates upon taking damage. [potion of mutation]
  5725 | D:5      | Lost mutation: Your body sometimes deteriorates upon taking damage. [potion of mutation]
  5725 | D:5      | Lost mutation: Your magical capacity is low (-10% MP). [potion of mutation]
  5725 | D:5      | Gained mutation: You are agile. (Dex +2) [potion of mutation]
  5748 | D:5      | Reached skill level 8 in Fighting
  6150 | D:6      | Reached XP level 9. HP: 61/67 MP: 7/9
  6295 | D:6      | Acquired Dithmenos's first power
  6356 | D:6      | Found Vumpukk's Jewellery Shop.
  6369 | D:6      | Reached skill level 9 in Fighting
  6384 | D:6      | Bought an uncursed ring of see invisible for 150 gold pieces
  6692 | D:7      | Found a sacrificial altar of Ru.
  7386 | D:7      | Noticed Prince Ribbit
  7393 | D:7      | Killed Prince Ribbit
  7522 | D:7      | Found Sacom's Assorted Antiques.
  7528 | D:7      | Bought a scroll of identify for 60 gold pieces
  7528 | D:7      | Bought a square steel amulet for 150 gold pieces
  8146 | D:8      | Reached skill level 10 in Fighting
  8256 | D:8      | Found Kischepn's Antique Weapon Shop.
  8260 | D:8      | Reached XP level 10. HP: 76/76 MP: 10/10
  8334 | D:8      | Reached skill level 10 in Long Blades
  8506 | D:8      | Got a polished mace
  8508 | D:8      | Identified the +11 mace of Darkness {elec, *Drain MP+9 Dex+2} (You found it on level 8 of the Dungeon)
  8700 | D:9      | Found Leffij's Food Shop.
  8714 | D:9      | Found a white marble altar of Elyvilon.
  8950 | D:9      | Slain by a troll

Vault maps used:
D:1:      dpeg_arrival_solitude
D:2:      makhleb_heckhound_becter, nemelex_spade_bored_becter
D:3:      evilmike_ruin_ashenzari, first_bread, uniq_sigmund, uniq_robin,
          uniq_crazy_yiuf_cottage, uniq_jessica
D:4:      tso_altar, minmay_temple_entry_glassed_door, uniq_grinder
D:5:      kennysheep_mini
D:6:      serial_shops, shop
D:7:      old_standard_altar, serial_shops, nicolae_shop_crystal,
          uniq_prince_ribbit1
D:8:      enter_bailey_1, serial_shops, shop_coins, grunt_ogre_cave
D:9:      elyvilon_altar_1, lemuel_blue_sif_altar, serial_shops, shop,
          cheibriados_altar_wand_db
Temple:   oiseaux_autumnal_temple_12

Action                   |  1- 3 |  4- 6 |  7- 9 | 10-12 || total
-------------------------+-------+-------+-------+-------++-------
Melee: Long sword        |    76 |    57 |   145 |       ||   278
       Falchion          |       |       |   168 |    67 ||   235
Throw: Tomahawk          |     8 |    50 |    69 |       ||   127
       Stone             |       |       |     8 |       ||     8
  Use: Potion            |       |     3 |     3 |     1 ||     7
       Scroll            |       |       |    15 |     2 ||    17
 Stab: Sleeping          |     6 |       |     9 |     2 ||    17
       Distracted        |       |       |     3 |     2 ||     5
  Eat: Chunk             |     3 |     5 |    17 |     2 ||    27
